| TOP OF THE 1ST |
|
Pittsburgh Pirates batting - Pitching for Miami Marlins : RHP Link Zeller
|
|
Pitching: RHP Link Zeller
|
|
|
Batting: RHB Chiel Palstermans
|
0-0: Called Strike 0-1: Ball 1-1: Ball 2-1: Foul Ball, location: 2F 2-2: Ground out 4-3 (Groundball, 4M, EV 101.9 MPH)
|
|
Batting: RHB David Contreras
|
0-0: Ground out 5-3 (Groundball, 5S, EV 82.5 MPH)
|
|
Batting: RHB Jorge Severiano
|
0-0: Called Strike 0-1: Foul Ball, location: 2F 0-2: Strikes out swinging
|
| Top of the 1st over - 0 runs, 0 hits, 0 errors, 0 left on base; Pittsburgh 0 - Miami 0 |
| BOTTOM OF THE 1ST |
|
Miami Marlins batting - Pitching for Pittsburgh Pirates : RHP Ian Toney
|
|
Pitching: RHP Ian Toney
|
|
|
Batting: RHB Roger Salazar
|
0-0: Called Strike 0-1: Swinging Strike 0-2: Foul Ball, location: 2F 0-2: Foul Ball, location: 2F 0-2: Ground out 5-3 (Groundball, 56, EV 81.2 MPH)
|
|
Batting: RHB Bert Clark
|
0-0: Foul Ball, location: 2F 0-1: Ball 1-1: Ground out 5-3 (Groundball, 5S, EV 93.1 MPH)
|
|
Batting: LHB Andre Gorter
|
0-0: Foul Ball, location: 2F 0-1: Ball 1-1: Swinging Strike 1-2: Strikes out swinging
|
| Bottom of the 1st over - 0 runs, 0 hits, 0 errors, 0 left on base; Pittsburgh 0 - Miami 0 |
| TOP OF THE 2ND |
|
Pittsburgh Pirates batting - Pitching for Miami Marlins : RHP Link Zeller
|
|
Batting: SHB Marvin McAleer
|
0-0: Called Strike 0-1: Ground out 4-3 (Groundball, 4S, EV 86.2 MPH)
|
|
Batting: LHB Micah Boshnjaku
|
0-0: Ball 1-0: Ball 2-0: Ball 3-0: Called Strike 3-1: Foul Ball, location: 2F 3-2: Foul Ball, location: 2F 3-2: Strikes out swinging
|
|
Batting: SHB Jack Andrews
|
0-0: Foul Ball, location: 2F 0-1: Called Strike 0-2: Ball 1-2: Foul Ball, location: 2F 1-2: Fly out, F9 (Flyball, 89M, EV 85.6 MPH)
|
| Top of the 2nd over - 0 runs, 0 hits, 0 errors, 0 left on base; Pittsburgh 0 - Miami 0 |
| BOTTOM OF THE 2ND |
|
Miami Marlins batting - Pitching for Pittsburgh Pirates : RHP Ian Toney
|
|
Batting: RHB Jimmy Groseclose
|
0-0: Foul Ball, location: 2F 0-1: Foul Ball, location: 2F 0-2: Ball 1-2: Strikes out swinging
|
|
Batting: RHB Tony Stedman
|
0-0: Foul Ball, location: 2F 0-1: Ground out 3-1 (Groundball, 34, EV 101.9 MPH)
|
|
Batting: LHB Adam Durgin
|
0-0: Ball 1-0: Foul Ball, location: 2F 1-1: Foul Ball, location: 2F 1-2: Ball 2-2: Ground out 5-3 (Groundball, 56S, EV 90.0 MPH)
|
| Bottom of the 2nd over - 0 runs, 0 hits, 0 errors, 0 left on base; Pittsburgh 0 - Miami 0 |
| TOP OF THE 3RD |
|
Pittsburgh Pirates batting - Pitching for Miami Marlins : RHP Link Zeller
|
|
Batting: LHB Xavier Pittman
|
0-0: Swinging Strike 0-1: Foul Ball, location: 2F 0-2: Ground out 2-3 (Groundball, 2L, EV 72.5 MPH)
|
|
Batting: RHB Andrew Robinson
|
0-0: Swinging Strike 0-1: Foul Ball, location: 2F 0-2: Ball 1-2: Ball 2-2: Ball 3-2: SINGLE (Line Drive, 7S, EV 89.4 MPH)
|
|
Batting: RHB Raul Mendoza
|
0-0: Ball 1-0: Ball 2-0: DOUBLE (Line Drive, 5D, EV 99.4 MPH) Andrew Robinson to third
|
|
Batting: RHB Chiel Palstermans
|
0-0: Ball 1-0: Ball 2-0: Foul Ball, location: 2F 2-1: Fly out, F8 (Flyball, 8LM, EV 76.2 MPH) Runner from 3rd tags up, SCORES, throw by CF
|
|
Batting: RHB David Contreras
|
0-0: Foul Ball, location: 2F 0-1: Foul Ball, location: 2F 0-2: Ball 1-2: Strikes out swinging
|
| Top of the 3rd over - 1 run, 2 hits, 0 errors, 1 left on base; Pittsburgh 1 - Miami 0 |
| BOTTOM OF THE 3RD |
|
Miami Marlins batting - Pitching for Pittsburgh Pirates : RHP Ian Toney
|
|
Batting: RHB Mike Gar
|
0-0: Ball 1-0: SOLO HOME RUN (Flyball, 89XD, EV 102.5 MPH), Distance : 406 ft
|
|
Batting: RHB Zhi-bin Ou-yang
|
0-0: Ball 1-0: Ball 2-0: Swinging Strike 2-1: Foul Ball, location: 2F 2-2: Foul Ball, location: 2F 2-2: Foul Ball, location: 2F 2-2: SINGLE (Groundball, 4M, EV 99.4 MPH) (infield hit)
|
|
Batting: RHB Alberto Cotto
|
0-0: Ball Zhi-bin Ou-yang is caught stealing 2nd base 2-4 1-0: Called Strike 1-1: Ball 2-1: Called Strike 2-2: Foul Ball, location: 2F 2-2: Ball 3-2: Base on Balls
|
|
Batting: RHB Roger Salazar
|
0-0: Called Strike Alberto Cotto is caught stealing 2nd base 2-4 0-1: Swinging Strike 0-2: Ball 1-2: Foul Ball, location: 2F 1-2: Foul Ball, location: 2F 1-2: Foul Ball, location: 2F 1-2: Foul Ball, location: 2F 1-2: Strikes out swinging
|
| Bottom of the 3rd over - 1 run, 2 hits, 0 errors, 0 left on base; Pittsburgh 1 - Miami 1 |
| TOP OF THE 4TH |
|
Pittsburgh Pirates batting - Pitching for Miami Marlins : RHP Link Zeller
|
|
Batting: RHB Jorge Severiano
|
0-0: Foul Ball, location: 2F 0-1: Foul Ball, location: 2F 0-2: Ball 1-2: Strikes out swinging
|
|
Batting: SHB Marvin McAleer
|
0-0: Called Strike 0-1: Called Strike 0-2: Strikes out swinging
|
|
Batting: LHB Micah Boshnjaku
|
0-0: Ball 1-0: Called Strike 1-1: Ground out U3 (Groundball, 3L, EV 92.5 MPH)
|
| Top of the 4th over - 0 runs, 0 hits, 0 errors, 0 left on base; Pittsburgh 1 - Miami 1 |
| BOTTOM OF THE 4TH |
|
Miami Marlins batting - Pitching for Pittsburgh Pirates : RHP Ian Toney
|
|
Batting: RHB Bert Clark
|
0-0: Called Strike 0-1: Foul Ball, location: 2F 0-2: Ball 1-2: Ball 2-2: Strikes out swinging
|
|
Batting: LHB Andre Gorter
|
0-0: Foul Ball, location: 2F 0-1: Ball 1-1: Ground out U3 (Groundball, 3L, EV 80.6 MPH)
|
|
Batting: RHB Jimmy Groseclose
|
0-0: Ball 1-0: Called Strike 1-1: Ground out 6-3 (Groundball, 6M, EV 103.8 MPH)
|
| Bottom of the 4th over - 0 runs, 0 hits, 0 errors, 0 left on base; Pittsburgh 1 - Miami 1 |
| TOP OF THE 5TH |
|
Pittsburgh Pirates batting - Pitching for Miami Marlins : RHP Link Zeller
|
|
Batting: SHB Jack Andrews
|
0-0: SINGLE (Groundball, 6MD, EV 96.9 MPH) (infield hit)
|
|
Batting: LHB Xavier Pittman
|
0-0: Ball 1-0: Foul Ball, location: 2F 1-1: Fielders Choice at 2nd, 2-4 (Groundball, 15S, EV 66.9 MPH)
|
|
Batting: RHB Andrew Robinson
|
0-0: Called Strike 0-1: Foul Ball, location: 2F 0-2: Strikes out swinging
|
|
Batting: RHB Raul Mendoza
|
0-0: Foul Ball, location: 2F 0-1: Ball 1-1: DOUBLE (Groundball, 5L, EV 103.1 MPH) Xavier Pittman to third
|
|
Batting: RHB Chiel Palstermans
|
0-0: Called Strike 0-1: Foul Ball, location: 2F 0-2: Ground out 6-3 (Groundball, 6, EV 100.6 MPH)
|
| Top of the 5th over - 0 runs, 2 hits, 0 errors, 2 left on base; Pittsburgh 1 - Miami 1 |
| BOTTOM OF THE 5TH |
|
Miami Marlins batting - Pitching for Pittsburgh Pirates : RHP Ian Toney
|
|
Batting: RHB Tony Stedman
|
0-0: SINGLE (Line Drive, 3D, EV 96.2 MPH)
|
|
Batting: LHB Adam Durgin
|
0-0: Foul Ball, location: 2F 0-1: Ball 1-1: Called Strike 1-2: SINGLE (Line Drive, 4MD, EV 100.0 MPH) Tony Stedman to second Runner from 2nd tries for 3rd, SAFE, no throw by CF
|
|
Batting: RHB Mike Gar
|
0-0: Grounds into double play, 6-4-3 (Groundball, 6, EV 85.0 MPH) Tony Stedman scores
|
|
Batting: RHB Zhi-bin Ou-yang
|
0-0: Foul Ball, location: 2F 0-1: Ball 1-1: Ball 2-1: Ball 3-1: Base on Balls
|
|
Batting: RHB Alberto Cotto
|
0-0: Ball 1-0: Ball 2-0: Called Strike 2-1: Ball 3-1: Called Strike 3-2: Fly out, F9 (Flyball, 9, EV 77.5 MPH)
|
| Bottom of the 5th over - 1 run, 2 hits, 0 errors, 1 left on base; Pittsburgh 1 - Miami 2 |
| TOP OF THE 6TH |
|
Pittsburgh Pirates batting - Pitching for Miami Marlins : RHP Link Zeller
|
|
Batting: RHB David Contreras
|
0-0: Ground out 5-3 (Groundball, 56, EV 100.6 MPH)
|
|
Batting: RHB Jorge Severiano
|
0-0: Called Strike 0-1: Swinging Strike 0-2: Strikes out swinging
|
|
Batting: SHB Marvin McAleer
|
0-0: Ball 1-0: Ball 2-0: Called Strike 2-1: Ball 3-1: Foul Ball, location: 2F 3-2: Base on Balls
|
|
Batting: LHB Micah Boshnjaku
|
0-0: Ball Marvin McAleer is caught stealing 2nd base 2-6
|
| Top of the 6th over - 0 runs, 0 hits, 0 errors, 0 left on base; Pittsburgh 1 - Miami 2 |
| BOTTOM OF THE 6TH |
|
Miami Marlins batting - Pitching for Pittsburgh Pirates : RHP Ian Toney
|
|
Batting: RHB Roger Salazar
|
0-0: Ball 1-0: Called Strike 1-1: Ball 2-1: Foul Ball, location: 2F 2-2: Ball 3-2: Base on Balls
|
|
Batting: RHB Bert Clark
|
0-0: 2-RUN HOME RUN (Flyball, 7D, EV 102.5 MPH), Distance : 388 ft
|
|
Batting: LHB Andre Gorter
|
0-0: Called Strike 0-1: Foul Ball, location: 2F 0-2: Ball 1-2: Strikes out swinging
|
|
Batting: RHB Jimmy Groseclose
|
0-0: Ball 1-0: Ball 2-0: Ball 3-0: Called Strike 3-1: SINGLE (Groundball, 6MD, EV 99.4 MPH)
|
|
Batting: RHB Tony Stedman
|
0-0: Ball 1-0: Ball 2-0: Fly out, F8 (Flyball, 8RD, EV 94.4 MPH)
|
|
Batting: LHB Adam Durgin
|
0-0: Ball 1-0: Foul Ball, location: 2F 1-1: Ground out 4-3 (Groundball, 34, EV 84.4 MPH)
|
| Bottom of the 6th over - 2 runs, 2 hits, 0 errors, 1 left on base; Pittsburgh 1 - Miami 4 |
| TOP OF THE 7TH |
|
Pittsburgh Pirates batting - Pitching for Miami Marlins : RHP Link Zeller
|
|
Batting: LHB Micah Boshnjaku
|
0-0: Called Strike 0-1: Called Strike 0-2: Ball 1-2: Ball 2-2: Foul Ball, location: 2F 2-2: Strikes out swinging, 2-3 out at first.
|
|
Batting: SHB Jack Andrews
|
0-0: Ball 1-0: Ball 2-0: Foul Ball, location: 2F 2-1: Foul Ball, location: 2F 2-2: Ball 3-2: Fly out, F7 (Line Drive, 78M, EV 98.1 MPH)
|
|
Batting: LHB Xavier Pittman
|
0-0: Swinging Strike 0-1: Ball 1-1: SINGLE (Groundball, 34D, EV 108.1 MPH)
|
|
Batting: RHB Andrew Robinson
|
0-0: Ball 1-0: Ball 2-0: Ball 3-0: Base on Balls Xavier Pittman to second
|
|
Batting: RHB Raul Mendoza
|
0-0: Called Strike 0-1: Ball 1-1: Swinging Strike 1-2: Ball 2-2: Ball 3-2: Foul Ball, location: 2F 3-2: Strikes out swinging
|
| Top of the 7th over - 0 runs, 1 hit, 0 errors, 2 left on base; Pittsburgh 1 - Miami 4 |
| BOTTOM OF THE 7TH |
|
Miami Marlins batting - Pitching for Pittsburgh Pirates : RHP Ian Toney
|
|
Batting: RHB Mike Gar
|
0-0: Foul Ball, location: 2F 0-1: SINGLE (Line Drive, 34D, EV 97.5 MPH)
|
|
Batting: RHB Zhi-bin Ou-yang
|
0-0: Called Strike 0-1: Ball 1-1: Ball 2-1: Swinging Strike 2-2: Foul Ball, location: 2F 2-2: Foul Ball, location: 2F 2-2: Strikes out looking
|
|
Pitching: LHP Jimmy Vanthournoutingtonle
|
|
|
Batting: RHB Alberto Cotto
|
0-0: Called Strike 0-1: Ball 1-1: Fly out, F9 (Flyball, 9S, EV 87.5 MPH)
|
|
Batting: RHB Roger Salazar
|
0-0: Called Strike Mike Gar steals 2nd base 0-1: Ball 1-1: Ground out 4-3 (Groundball, 34, EV 90.0 MPH)
|
| Bottom of the 7th over - 0 runs, 1 hit, 0 errors, 1 left on base; Pittsburgh 1 - Miami 4 |
| TOP OF THE 8TH |
|
Pittsburgh Pirates batting - Pitching for Miami Marlins : RHP Link Zeller
|
|
Batting: RHB Chiel Palstermans
|
0-0: Ball 1-0: Called Strike 1-1: Called Strike 1-2: Foul Ball, location: 2F 1-2: Fly out, F3 (Popup, 3S, EV 76.9 MPH)
|
|
Pitching: RHP Pharamond Lestrange
|
|
|
Batting: RHB David Contreras
|
0-0: Swinging Strike 0-1: Foul Ball, location: 2F 0-2: Ball 1-2: Ball 2-2: Strikes out looking
|
|
Batting: RHB Jorge Severiano
|
0-0: Ball 1-0: Called Strike 1-1: Ball 2-1: Ball 3-1: Called Strike 3-2: Fly out, F8 (Line Drive, 8RM, EV 96.2 MPH)
|
| Top of the 8th over - 0 runs, 0 hits, 0 errors, 0 left on base; Pittsburgh 1 - Miami 4 |
| BOTTOM OF THE 8TH |
|
Miami Marlins batting - Pitching for Pittsburgh Pirates : LHP Jimmy Vanthournoutingtonle
|
|
Batting: RHB Bert Clark
|
0-0: Called Strike 0-1: Ball 1-1: Ball 2-1: Foul Ball, location: 2F 2-2: Foul Ball, location: 2F 2-2: Fly out, F9 (Line Drive, 9, EV 88.8 MPH)
|
|
Batting: LHB Andre Gorter
|
0-0: Called Strike 0-1: Ball 1-1: Swinging Strike 1-2: Strikes out swinging
|
|
Batting: RHB Jimmy Groseclose
|
0-0: Ball 1-0: Ball 2-0: Swinging Strike 2-1: SINGLE (Line Drive, 5D, EV 97.5 MPH)
|
|
Batting: RHB Tony Stedman
|
0-0: Ball 1-0: Ball 2-0: Called Strike 2-1: Foul Ball, location: 2F 2-2: SINGLE (Groundball, 4D, EV 101.2 MPH) Jimmy Groseclose to second Runner from 2nd tries for 3rd, OUT! 8-5
|
| Bottom of the 8th over - 0 runs, 2 hits, 0 errors, 1 left on base; Pittsburgh 1 - Miami 4 |
| TOP OF THE 9TH |
|
Pittsburgh Pirates batting - Pitching for Miami Marlins : RHP Pharamond Lestrange
|
|
Batting: SHB Marvin McAleer
|
0-0: Called Strike 0-1: Ball 1-1: Ball 2-1: Ball 3-1: Called Strike 3-2: SOLO HOME RUN (Flyball, 7D, EV 96.2 MPH), Distance : 383 ft
|
|
Batting: LHB Micah Boshnjaku
|
0-0: Ball 1-0: Ball 2-0: Called Strike 2-1: Ball 3-1: Fly out, F8 (Flyball, 8LD, EV 96.2 MPH)
|
|
Batting: SHB Jack Andrews
|
0-0: Called Strike 0-1: Foul Ball, location: 2F 0-2: Foul Ball, location: 2F 0-2: Ball 1-2: Foul Ball, location: 2F 1-2: Strikes out swinging
|
|
Batting: LHB Xavier Pittman
|
0-0: Called Strike 0-1: Ball 1-1: Foul Ball, location: 2F 1-2: Fly out, F5 (Popup, 25F, EV 78.8 MPH)
|
| Top of the 9th over - 1 run, 1 hit, 0 errors, 0 left on base; Pittsburgh 2 - Miami 4 |
|